 Dungeon Crawl Stone Soup version 0.31-a0-845-g9abc20d24f (console) character file.

Game seed: 3207196143488123989

90 petzl the Sneak (level 4, -1/35 HPs)
             Began as a Formicid Delver on Oct 2, 2023.
             Slain by a yak (7 damage)
             ... on level 4 of the Dungeon.
             The game lasted 00:05:23 (466 turns).

petzl the Sneak (Formicid Delver)                    Turns: 466, Time: 00:05:24

Health: -1/35      AC:  3    Str: 16    XL:     4   Next: 85%
Magic:  7/8        EV: 12    Int: 12    God:
Gold:   0          SH:  0    Dex: 15    Spells: 8/8 levels left

rFire   . . .        a - +0 sling
rCold   . . .        (no shield)
rNeg    . . .        l - +0 leather armour
rPois   .            (helmet unavailable)
rElec   .            (no cloak)
rCorr   .            (no gloves)
SInv    +            (no boots)
Will    .....        (no amulet)
Stlth   +++          (no ring)
HPRegen 0.25/turn    (no ring)
MPRegen 0.11/turn

%: no passive effects
@: marked
A: permanent stasis, dig shafts and tunnels, antennae 3, four strong arms
a: Dig, Shaft Self


You were on level 4 of the Dungeon.
You visited 1 branch of the dungeon, and saw 3 of its levels.
You also visited: Ossuary.

Inventory:

Hand Weapons
 a - a +0 sling (weapon)
 b - a +0 mace
Armour
 l - a +0 leather armour (worn)
Jewellery
 k - a ring of flight
Wands
 f - a wand of digging (3)
Scrolls
 c - a scroll of fog
 d - a scroll of revelation
 e - a scroll of fear
 h - a scroll of vulnerability {unknown}
 i - a scroll of identify {unknown}
Potions
 g - a potion of curing {unknown}
 j - a potion of attraction {unknown}
 m - a potion of mutation


   Skills:
 - Level 3.2 Fighting
 - Level 2.0 Maces & Flails
 + Level 2.7 Ranged Weapons
 - Level 1.7 Dodging
 - Level 6.0 Stealth
 + Level 2.7 Spellcasting


You had 8 spell levels left.
You didn't know any spells.
Your spell library was empty.

Dungeon Overview and Level Annotations

Branches:
Dungeon (6/15)            Ossuary (visited)
 Temple: D:4-7

Altars:


Innate Abilities, Weirdness & Mutations

You cannot be hasted, slowed, berserked, paralysed or teleported.
You can dig through walls and to a lower floor.
You have a pair of large antennae on your head. (SInv)
Your four strong arms can wield two-handed weapons with a shield.


Message History

The mummy is severely damaged.
You shoot a sling bullet.
The sling bullet hits the mummy but does no damage.
The mummy is severely damaged.
You shoot a sling bullet.
The sling bullet closely misses the mummy.
The sling bullet hits the mummy!
The mummy is heavily damaged.
The mummy hits you.
You shoot a sling bullet. The sling bullet hits the mummy.
You destroy the mummy!
You shoot a sling bullet.
The sling bullet closely misses the mummy.
The sling bullet barely misses the mummy.
The mummy hits you!
You shoot a sling bullet. The sling bullet hits the mummy.
The mummy is severely damaged.
The mummy hits you!
* * * LOW HITPOINT WARNING * * *
There is an empty arch of ancient stone here.
Press: ? - help, v - describe, . - travel A stone wall.
Unknown command.
Press: ? - help, v - describe, . - travel An empty arch of ancient stone.
Unknown command.
Press: ? - help, v - describe, . - travel A gate leading back out of this place.
Unknown command.
Unknown command.
Unknown command.
Okay, then.
Unknown command.
Okay, then.
Okay, then.
There is a gate leading back out of this place here.
The yak gores you.
* * * LOW HITPOINT WARNING * * *
The yak gores you!
You die...

.#### #.<..# # ##....#### #.
......... ..### #......# ...
#.....# #. #### ..#
#.####.....# ..##...## ..
#......{...#### ........## #.
##.####.Y...... .........#
#.###...###{.......
.........###..##.....#........
..........###.....YJ.#........
........#..##..#..@Y..........
#......................[...
###...............#........
###....Y....................
.............................
####................#........
#................#........
#.......>........#.......
#...............#.. ..
...##...........## ..$
####......### Y# .......[.
...###..... ..#. #>...# #..##
....#


You could see 2 yaks and an endoplasm.

Vanquished Creatures
  A centaur zombie (Ossuary)
  4 mummies (Ossuary)
  A goblin zombie (Ossuary)
  3 hobgoblin zombies (Ossuary)
  3 kobold zombies (Ossuary)
12 creatures vanquished.

Notes
Turn   | Place    | Note
-------+----------+-------------------------------------------
     0 | D:5      | petzl the Formicid Delver began the quest for the Orb.
     0 | D:5      | Reached XP level 1. HP: 18/18 MP: 1/1
    81 | D:4      | Found a sand-covered staircase.
    87 | D:4      | Noticed a yak
    88 | D:4      | Noticed a yak
    88 | D:4      | Noticed a yak
    89 | D:4      | Noticed a yak
   123 | Ossuary  | Entered an ossuary
   170 | Ossuary  | Reached skill level 1 in Ranged Weapons
   170 | Ossuary  | Reached skill level 1 in Spellcasting
   170 | Ossuary  | Reached XP level 2. HP: 17/24 MP: 1/3
   298 | Ossuary  | Reached XP level 3. HP: 29/29 MP: 5/5
   420 | Ossuary  | Reached XP level 4. HP: 28/35 MP: 7/7
   466 | D:4      | Slain by a yak

Illustrated notes

Levels and vault maps discovered:
D:4:      layout_rooms, serial_shops, nicolae_shop_bloodbath_and_beyond,
          enter_ossuary_1, bh_walls_and_bars
D:5:      layout_cave_pods, nicolae_wu_jian_glorious_leap,
          minmay_temple_entry_mist, minmay_shop_enchanted_jewellery
D:6:      layout_rooms, lemuel_crystal_altar, nicolae_tso_carved_into_rock,
          uniq_menkaure

Skill      XL: |  1  2  3 |
---------------+----------+-----
Ranged Weapons | 1 2 |  2.7
Spellcasting   | 1 2 |  2.7
Fighting       | |  3.2
Maces & Flails | |  2.0
Dodging        | |  1.7
Stealth        | |  6.0

Action                     |  1- 3 |  4- 6 || total
---------------------------+-------+-------++-------
  Melee: Mace              |    29 |     4 ||    33
   Fire: Sling             |    34 |    12 ||    46
   Stab: Sleeping          |     4 |       ||     4
 Armour: Leather armour    |    23 |     7 ||    30
  Dodge: Dodged            |    27 |     2 ||    29

Table legend: (Time is in decaauts)
 A = Elapsed time spent in this place.
 B = Non-inter-level travel time spent in this place.
 C = Inter-level travel time spent in this place.
 D = Time resting spent in this place.
 E = Time spent auto-exploring this place.
 F = Levels seen in this place.
 G = Mean time per level.
                   A        B        C        D        E       F      G
               +--------+--------+--------+--------+--------+-----+--------+
         Total |    487 |    487 |      0 |     64 |     23 |   4 |  121.8 |
       Dungeon |    123 |    123 |      0 |      0 |     19 |   3 |   41.0 |
       Ossuary |    364 |    364 |      0 |     64 |      4 |   1 |  364.0 |
               +--------+--------+--------+--------+--------+-----+--------+

Top non-repeatable levels by time:
 Ossuary: 364 daAuts
     D:6: 59 daAuts
     D:4: 41 daAuts
     D:5: 21 daAuts
